Map: Nightscape LE

Players

Nyck - Winner!

  • Race: Terran Terran
  • Spawn Location: 1:00

Ekelpack - Winner!

  • Race: Zerg Zerg
  • Spawn Location: 1:00

MarineMeta

  • Race: Zerg Zerg
  • League: Diamond
  • Spawn Location: 7:00

supersag

  • Race: Protoss Protoss
  • League: Gold
  • Spawn Location: 7:00

VOD

Have the link to the VOD?

Description

Time

  • Played on: Sept. 27, 2020, 3:48 p.m.
  • Length: 22:20
Show
View Real Time Build Order
Export as new Build Order

Nyck Terran - Winner!

Build Orders:  

Get SALT Encoding   

  12  0:01  SCV  
  13  0:13  SCV  
  14  0:17  Supply Depot  
  14  0:25  SCV  
  15  0:38  SCV  
  15  0:42  Barracks  
  16  0:51  SCV  
  16  0:53  Barracks  
  17  1:03  SCV  
  18  1:15  SCV  
  19  1:20  Barracks  
  19  1:31  Refinery  
  19  1:35  Supply Depot  
  19  1:36  Orbital Command  
  19  1:41  Marine x2  
  21  1:59  Marine x2  
  23  2:07  Refinery  
  23  2:11  Supply Depot  
  23  2:25  SCV  
  24  2:34  Marine x3  
  27  2:38  SCV  
  28  2:45  Command Center  
  28  2:52  SCV  
  29  2:59  Barracks  
  29  3:05  SCV  
  30  3:11  Reaper x2  
  30  3:12  Reaper  
  33  3:22  Factory  
  33  3:42  SCV  
  33  3:43  Reaper  
  33  3:44  Reaper x2  
  33  3:46  Reaper  
  38  3:56  SCV  
  40  4:10  SCV x2  
  41  4:22  SCV x2  
  36  4:38  Reaper  
  36  4:39  Reaper x3  
  40  4:47  Starport  
  40  5:06  Starport  
  40  5:31  Viking  
  44  5:36  Starport  
  44  5:37  Widow Mine  
  40  6:14  SCV  
  40  6:16  Orbital Command  
  39  6:35  Barracks Tech Lab x3  
  39  6:36  Barracks Tech Lab  
  39  6:39  Starport Tech Lab x2  
  39  6:40  Starport Tech Lab  
  39  6:43  Fusion Core  
  34  6:55  SCV  
  35  7:04  Marauder x3  
  35  7:05  Marauder  
  35  7:06  Concussive Shells  
  35  7:07  SCV  
  44  7:19  SCV  
  45  7:26  Refinery  
  45  7:31  SCV  
  45  7:35  Refinery  
  46  7:41  Marauder x4  
  54  7:49  Supply Depot  
  54  7:51  SCV  
  55  8:03  SCV  
  55  8:04  Marauder x3  
  62  8:11  Supply Depot, Marauder  
  62  8:12  Supply Depot  
  64  8:15  SCV  
  65  8:27  SCV  
  65  8:31  SCV  
  65  8:33  Supply Depot  
  67  8:35  Supply Depot  
  67  8:39  SCV  
  68  8:44  SCV  
  69  8:52  Battlecruiser  
  75  8:56  Command Center  
  75  8:57  Supply Depot  
  75  8:58  Supply Depot  
  75  9:03  SCV  
  75  9:09  Battlecruiser  
  82  9:15  SCV  
  83  9:18  Command Center  
  83  9:21  Supply Depot  
  83  9:26  Engineering Bay  
  83  9:27  SCV  
  84  9:34  Battlecruiser  
  90  9:38  Marine  
  90  9:39  Marine x3  
  90  9:40  SCV  
  90  9:41  Combat Shield  
  90  9:43  Supply Depot  
  95  9:52  SCV  
  96  9:59  Armory  
  96  10:18  Refinery  
  96  10:19  Refinery  
  96  10:20  Orbital Command  
  96  10:30  SCV  
  96  10:33  Refinery  
  97  10:38  Battlecruiser  
  97  10:41  Refinery  
  103  10:43  Orbital Command  
  103  10:47  Battlecruiser  
  109  10:50  Marauder x2  
  113  11:14  Battlecruiser  
  112  11:56  Battlecruiser x2  
  124  12:06  Marauder x4  
  132  12:25  Battlecruiser, Command Center  
  132  12:27  Marine x3  
  107  13:00  Battlecruiser, Viking  
  109  13:30  Battlecruiser, Viking  
  117  13:39  Weapon Refit  
  117  13:40  Marine x2  
  117  13:41  Marine x2  
  121  13:45  Terran Vehicle And Ship Armor Level 1  
  121  13:54  Planetary Fortress  
  121  13:58  Refinery  
  121  14:00  Viking  
  121  14:02  Refinery  
  123  14:04  Viking  
  125  14:30  Viking  
  127  14:31  SCV  
  127  14:34  Viking  
  127  14:35  SCV  
  127  14:38  Battlecruiser  
  137  14:44  SCV, Marine x4  
  142  14:47  SCV  
  126  14:56  SCV  
  126  14:59  SCV  
  128  15:01  Marine  
  128  15:02  Marine x3  
  122  15:08  SCV  
  122  15:11  SCV  
  121  15:20  SCV  
  122  15:24  SCV  
  122  15:25  Battlecruiser  
  122  15:26  Battlecruiser  
  135  15:42  Battlecruiser  
  104  16:30  Battlecruiser x2  
  98  16:40  Marauder x2  
  98  16:41  Marauder x2  
  98  16:46  Battlecruiser  
  112  16:56  Terran Vehicle And Ship Armor Level 2  
  112  17:02  Marauder x4  
  120  17:22  SCV  
  121  17:33  Liberator  
  121  17:34  SCV, Liberator  
  127  17:46  SCV  
  127  17:50  Liberator  
  131  17:58  SCV  
  132  18:10  SCV x2  
  132  18:11  SCV x2  
  133  18:13  Marauder x4  
  133  18:16  Liberator x2  
  146  18:33  Liberator  
  150  18:41  SCV  
  150  18:48  Supply Depot  
  150  18:53  SCV  
  151  18:59  Liberator x2  
  157  19:05  SCV  
  158  19:10  Supply Depot  
  158  19:16  Liberator  
  161  19:17  SCV  
  162  19:27  SCV x2  
  162  19:28  SCV  
  162  19:29  SCV  
  162  19:30  Marauder x3  
  172  19:32  Marauder  
  172  19:33  Supply Depot  
  174  19:42  Liberator x2  
  180  19:56  Supply Depot  
  180  19:58  Liberator  
  183  20:01  Command Center  
  183  20:25  Liberator x2  
  189  20:41  Liberator  
  186  21:07  Liberator  
  186  21:08  Liberator  
  186  21:24  Liberator  
Show
View Real Time Build Order
Export as new Build Order

Ekelpack Zerg - Winner!

Build Orders: Hatch First 

Get SALT Encoding   

  12  0:00  Drone  
  13  0:12  Overlord  
  13  0:17  Drone  
  14  0:31  Drone x2  
  16  0:38  Drone  
  17  0:56  Hatchery  
  17  0:57  Drone  
  17  1:01  Drone, Extractor  
  17  1:08  Drone  
  18  1:17  Drone  
  19  1:28  Spawning Pool, Drone  
  19  1:39  Drone  
  20  1:50  Overlord  
  20  2:03  Drone, Extractor  
  20  2:10  Drone  
  20  2:13  Drone  
  20  2:14  Queen  
  24  2:16  Queen  
  26  2:23  Drone  
  26  2:26  Drone  
  28  2:32  Drone  
  28  2:34  Drone  
  30  2:41  Drone  
  30  2:43  Metabolic Boost  
  31  2:46  Zergling x2  
  32  2:55  Zergling x4  
  34  3:02  Lair  
  34  3:06  Zergling x4  
  34  3:12  Overlord  
  36  3:18  Extractor  
  36  3:19  Overlord  
  35  3:30  Zergling x2  
  35  3:31  Zergling x6  
  35  3:32  Zergling x6  
  42  3:51  Drone x3  
  45  3:59  Drone x3  
  45  4:00  Drone x2  
  50  4:02  Overlord  
  50  4:03  Overlord  
  50  4:06  Drone  
  51  4:11  Extractor  
  51  4:15  Drone x2  
  50  4:33  Drone x3  
  43  4:45  Hatchery  
  42  4:49  Spire  
  41  5:02  Queen  
  41  5:05  Zergling x12  
  49  5:30  Overlord x3  
  49  5:55  Overlord x2  
  49  6:04  Mutalisk x4  
  49  6:05  Mutalisk x7  
  71  6:13  Zerg Flyer Weapons Level 1  
  71  6:16  Drone  
  71  6:17  Drone  
  70  6:36  Mutalisk x3  
  76  6:41  Extractor  
  76  6:43  Drone x6, Extractor  
  76  6:44  Drone x3  
  83  7:00  Drone x5  
  88  7:20  Mutalisk x5  
  88  7:21  Mutalisk x2  
  102  7:41  Zergling x10  
  102  7:42  Zergling x2  
  108  7:58  Mutalisk x4  
  110  8:21  Queen  
  105  8:35  Overlord x3  
  105  8:36  Overlord, Mutalisk x3  
  105  8:37  Zergling x4  
  111  8:53  Zerg Flyer Weapons Level 2, Mutalisk  
  111  8:54  Zergling x2  
  111  8:55  Hatchery, Zergling x10  
  118  9:24  Queen  
  118  9:29  Mutalisk  
  118  9:30  Mutalisk x2  
  126  9:35  Infestation Pit  
  125  9:43  Overlord  
  125  9:44  Overlord  
  113  10:27  Zergling x2  
  113  10:28  Zergling x12  
  118  10:29  Zergling x8  
  124  10:36  Drone x5  
  124  10:37  Drone  
  128  10:54  Extractor  
  122  11:12  Mutalisk x4  
  122  11:13  Mutalisk x6  
  122  11:14  Mutalisk x2  
  119  11:42  Hive  
  119  11:45  Hatchery  
  119  11:46  Mutalisk x4  
  119  11:47  Mutalisk x5  
  117  12:24  Extractor  
  117  12:25  Drone x3  
  117  12:26  Drone x6, Extractor  
  124  12:34  Zergling x10  
  105  13:01  Mutalisk x4  
  105  13:02  Mutalisk x6  
  105  13:03  Mutalisk x3  
  131  13:28  Greater Spire  
  131  13:29  Corruptor x5  
  131  13:30  Corruptor x2  
  146  13:48  Drone x3  
  146  13:49  Overlord x4  
  142  14:23  Corruptor, Mutalisk x2  
  142  14:24  Corruptor x7  
  146  14:26  Overlord  
  149  15:14  Brood Lord  
  149  15:15  Brood Lord x4  
  149  15:19  Brood Lord x3  
  149  15:21  Zergling x10  
  166  15:22  Zergling x2  
  169  15:33  Overlord x2  
  169  15:38  Overlord  
  169  15:48  Overlord  
  169  15:51  Hatchery, Queen  
  169  15:55  Zerg Flyer Weapons Level 3  
  142  16:52  Corruptor  
  142  16:53  Corruptor  
  142  16:54  Corruptor x3  
  144  16:55  Corruptor x3  
  144  16:58  Brood Lord x6  
  170  17:05  Extractor  
  170  17:07  Extractor  
  168  17:23  Zergling x10  
  168  17:24  Zergling x12  
  168  17:28  Drone  
  168  17:29  Drone x2  
  139  18:04  Queen  
  133  18:13  Corruptor x6  
  133  18:14  Corruptor x4  
  153  18:27  Drone x3  
  153  18:33  Zerg Flyer Armor Level 1  
  156  18:45  Overseer  
  156  18:47  Zergling x2  
  156  18:48  Zergling x10  
  161  18:49  Zergling x6  
  165  19:14  Hatchery  
  160  20:04  Corruptor x7  
  156  20:16  Corruptor x4  
  156  20:17  Corruptor x5  
  146  21:03  Zergling x8  
  146  21:04  Zergling x6  
  138  21:45  Mutalisk x3  
  138  21:46  Mutalisk x4  
  138  21:47  Mutalisk x2  
  137  21:55  Mutalisk x4  
  145  22:14  Extractor  
  136  22:18  Extractor  
Show
View Real Time Build Order
Export as new Build Order

MarineMeta Zerg 

Build Orders: Hatch First 

Get SALT Encoding   

  12  0:01  Drone  
  13  0:16  Overlord  
  13  0:17  Drone  
  14  0:34  Drone x2  
  16  0:52  Hatchery  
  16  0:55  Drone  
  16  1:02  Drone x2  
  18  1:14  Drone  
  18  1:15  Extractor  
  18  1:20  Spawning Pool  
  18  1:21  Drone  
  18  1:32  Drone  
  19  1:42  Drone  
  21  1:54  Drone  
  21  2:04  Overlord  
  21  2:18  Drone  
  21  2:19  Drone x2  
  21  2:22  Queen x2  
  28  2:24  Metabolic Boost  
  28  2:26  Zergling x4  
  30  2:43  Zergling x4  
  32  2:48  Drone x2  
  32  2:49  Baneling Nest  
  33  3:14  Zergling x2  
  33  3:15  Zergling x4  
  33  3:17  Overlord  
  35  3:35  Zergling x2  
  35  3:36  Zergling x6  
  39  3:50  Zergling x8  
  39  3:54  Baneling x4  
  43  3:55  Baneling  
  43  3:56  Baneling, Zergling x2  
  44  4:04  Overlord x2  
  43  4:22  Zergling x10  
  43  4:23  Zergling x4  
  47  4:37  Drone x3  
  48  4:40  Drone x3  
  48  4:42  Drone  
  48  4:43  Drone  
  48  4:44  Drone  
  54  4:49  Drone x2, Queen  
  58  5:03  Drone  
  58  5:05  Overlord  
  59  5:07  Overlord  
  59  5:22  Queen, Overlord  
  59  5:23  Overlord x2  
  59  5:24  Overlord x2  
  59  5:25  Drone  
  59  5:26  Drone  
  63  5:37  Drone x2  
  65  5:45  Queen  
  65  5:47  Hatchery  
  64  6:12  Drone  
  64  6:13  Drone x8  
  64  6:14  Drone  
  64  6:17  Lair  
  74  6:22  Hatchery  
  71  6:40  Drone x4, Extractor  
  71  6:45  Extractor x2  
  72  6:47  Evolution Chamber  
  72  6:48  Evolution Chamber  
  70  6:57  Spore Crawler  
  70  6:59  Spore Crawler x2  
  65  7:01  Spore Crawler  
  65  7:02  Spore Crawler x2  
  59  7:37  Extractor  
  59  7:39  Spore Crawler  
  57  7:46  Spore Crawler  
  54  7:51  Drone  
  54  7:52  Drone x3  
  54  7:53  Drone x3  
  61  8:02  Overseer  
  57  8:05  Hatchery  
  57  8:06  Drone  
  57  8:08  Queen  
  57  8:09  Zerg Melee Weapons Level 1, Zerg Ground Armor Level 1  
  47  8:43  Queen  
  47  8:46  Pneumatized Carapace  
  49  8:58  Drone x9  
  49  9:01  Extractor  
  49  9:02  Extractor  
  56  9:07  Overlord x4  
  56  9:08  Overlord  
  56  9:09  Zergling x14  
  63  9:14  Hydralisk Den  
  63  9:16  Hatchery, Infestation Pit  
  60  9:20  Spore Crawler  
  60  9:22  Spore Crawler x2  
  57  9:29  Drone x8  
  65  9:36  Spore Crawler  
  64  9:41  Queen  
  64  9:44  Hydralisk x5  
  64  9:45  Hydralisk  
  78  9:55  Drone x4  
  82  10:09  Grooved Spines  
  77  10:17  Spore Crawler  
  77  10:19  Hydralisk x4  
  77  10:20  Hydralisk x7  
  94  10:21  Spore Crawler  
  91  10:29  Spore Crawler  
  91  10:30  Spore Crawler  
  91  10:35  Spore Crawler, Drone x2  
  90  10:50  Zerg Melee Weapons Level 2  
  90  10:51  Zerg Ground Armor Level 2  
  90  10:52  Queen  
  90  10:54  Drone x2  
  94  11:06  Muscular Augments  
  94  11:10  Drone x5  
  94  11:11  Drone  
  100  11:12  Drone  
  101  11:20  Hatchery  
  100  11:31  Extractor  
  99  11:36  Queen x2  
  103  11:48  Zergling x10, Hydralisk x6  
  103  11:49  Zergling x6  
  123  11:55  Queen  
  125  12:04  Hydralisk x2  
  125  12:05  Hydralisk x3  
  125  12:06  Zergling x2  
  125  12:07  Zergling x2  
  135  12:24  Spore Crawler, Hydralisk x4  
  135  12:25  Spore Crawler, Zergling x8  
  135  12:26  Zergling x2  
  146  12:36  Hydralisk x4  
  130  12:56  Drone x14  
  142  13:04  Hydralisk  
  142  13:05  Queen  
  142  13:07  Drone x2  
  142  13:09  Spore Crawler  
  142  13:12  Spore Crawler  
  144  13:13  Spore Crawler  
  144  13:15  Spore Crawler  
  144  13:16  Drone x2  
  144  13:17  Spore Crawler, Drone  
  144  13:35  Extractor  
  144  13:36  Hive  
  143  13:41  Pathogen Glands  
  143  13:49  Spire  
  143  13:51  Drone  
  143  13:52  Overlord x3  
  143  13:53  Overlord x3  
  143  13:55  Drone x8  
  151  14:04  Spore Crawler, Drone x2  
  151  14:05  Drone x4  
  151  14:06  Drone, Spore Crawler  
  156  14:28  Zerg Missile Weapons Level 1  
  156  14:41  Spore Crawler  
  156  14:44  Spore Crawler  
  151  14:53  Viper x2  
  151  14:54  Viper x6  
  175  15:02  Extractor  
  167  15:12  Hydralisk x5  
  167  15:13  Zergling x6  
  167  15:14  Zergling x4, Hydralisk  
  170  15:44  Hydralisk x7  
  181  15:50  Zergling x10, Hydralisk x5  
  181  15:54  Hatchery  
  194  16:02  Overseer  
  183  16:33  Hydralisk x6  
  183  16:34  Zergling x8  
  199  17:26  Hatchery  
  198  17:38  Overlord x5  
  107  18:20  Hydralisk  
  107  18:21  Hydralisk x15  
  135  18:44  Zerg Missile Weapons Level 2  
  135  18:49  Zergling x6, Hydralisk x2  
  135  18:50  Zergling x6, Hydralisk x7  
  159  19:02  Viper x5  
  162  19:03  Viper  
  173  19:30  Zergling x10, Hydralisk x3  
  173  19:31  Hydralisk  
  152  20:31  Zergling x2, Hydralisk x3  
  152  20:32  Hydralisk x8  
  152  20:33  Hydralisk x7  
  152  20:34  Hydralisk x3  
  171  21:16  Hydralisk x7  
  171  21:17  Zergling x4  
Show
View Real Time Build Order
Export as new Build Order

supersag Protoss 

Build Orders:  

Get SALT Encoding   

  12  0:00  Probe (Chrono Boost)  
  13  0:13  Probe (Chrono Boost)  
  14  0:19  Pylon  
  14  0:25  Assimilator  
  14  0:32  Probe  
  15  0:44  Probe  
  15  0:46  Gateway  
  16  0:56  Probe  
  17  1:08  Probe  
  18  1:21  Probe  
  19  1:33  Cybernetics Core, Probe  
  20  1:45  Probe  
  21  1:48  Nexus  
  21  1:57  Probe  
  21  2:00  Pylon  
  22  2:07  Assimilator  
  22  2:09  Probe  
  22  2:21  Warp Gate (Chrono Boost)  
  22  2:23  Gateway  
  22  2:24  Adept  
  24  2:33  Probe  
  25  2:45  Probe  
  25  2:47  Pylon  
  26  2:57  Probe  
  27  3:01  Gateway  
  27  3:04  Probe  
  28  3:09  Probe  
  28  3:12  Pylon  
  29  3:16  Probe  
  29  3:19  Adept  
  32  3:26  Probe  
  33  3:28  Probe  
  34  3:39  Robotics Facility  
  34  3:56  Stalker x2, Gateway  
  38  4:05  Zealot  
  40  4:11  Pylon  
  40  4:13  Pylon  
  40  4:18  Gateway  
  40  4:19  Gateway  
  40  4:30  Zealot  
  40  4:31  Zealot  
  44  4:36  Zealot  
  42  4:43  Probe  
  42  4:44  Probe  
  44  4:52  Immortal  
  48  4:55  Probe  
  49  5:09  Stalker  
  49  5:10  Zealot  
  53  5:14  Forge, Probe x2  
  53  5:20  Assimilator  
  55  5:24  Assimilator  
  55  5:26  Probe  
  56  5:28  Probe  
  57  5:36  Adept x2  
  57  5:38  Probe  
  57  5:42  Twilight Council  
  56  6:05  Stalker x2  
  56  6:06  Stalker x3  
  66  6:17  Immortal  
  71  6:40  Probe (Chrono Boost)  
  71  6:41  Probe (Chrono Boost), Stargate  
  71  6:42  Stargate  
  71  6:45  Pylon  
  72  6:48  Pylon  
  72  6:52  Probe (Chrono Boost)  
  72  6:53  Probe (Chrono Boost)  
  74  7:02  Stalker  
  74  7:03  Stalker x2  
  80  7:24  Stalker x3  
  86  7:50  Blink (Chrono Boost)  
  86  7:55  Immortal  
  90  8:13  Probe x2  
  92  8:21  Zealot  
  94  8:27  Pylon  
  94  8:28  Pylon  
  94  8:30  Pylon  
  94  8:45  Probe x2, Immortal  
  94  8:46  Stalker x3  
  106  8:57  Probe x2  
  108  9:09  Probe  
  109  9:21  Probe  
  109  9:22  Pylon  
  109  9:24  Pylon  
  110  9:25  Pylon  
  110  9:26  Pylon  
  110  9:40  Probe x2, Immortal  
  110  9:44  Charge  
  116  9:49  Pylon  
  116  9:52  Void Ray, Probe  
  121  9:59  Void Ray  
  125  10:21  Stalker x3  
  125  10:22  Stalker  
  133  10:29  Void Ray  
  137  10:36  Void Ray  
  141  10:44  Probe x2  
  139  10:56  Probe  
  140  11:21  Void Ray x2  
  76  11:49  Stalker x4  
  76  11:50  Stalker x2  
  74  11:55  Void Ray x2 (Chrono Boost)  
  78  12:23  Gateway x2  
  78  12:25  Void Ray x2  
  78  12:27  Stalker x2  
  78  12:28  Gateway, Probe  
  91  12:31  Gateway  
  91  12:40  Stalker x2  
  85  13:10  Nexus  
  85  13:19  Stalker x5  
  95  13:27  Void Ray  
  99  13:37  Probe x2  
  101  13:47  Protoss Ground Weapons Level 1  
  101  13:49  Probe  
  85  14:16  Stalker x6  
  98  14:35  Stalker x2  
  98  14:36  Stalker  
  59  15:25  Stalker x5  
  67  16:06  Stalker x3  
  73  16:14  Zealot  
  73  16:15  Zealot  
  51  16:59  Nexus  
  51  17:47  Probe x2 (Chrono Boost)  
  51  17:59  Probe (Chrono Boost)  
  51  18:00  Probe (Chrono Boost)  
  51  18:05  Probe x2 (Chrono Boost)  
  49  18:13  Probe x2  
  49  18:19  Void Ray x2  
  59  18:25  Probe x2  
  61  18:37  Probe  
  62  18:54  Void Ray x2 (Chrono Boost)  
  70  19:23  Void Ray x2  
  70  19:24  Probe x2  
  80  19:31  Assimilator  
  80  19:35  Assimilator  
  80  19:38  Probe  
  81  19:45  Zealot x2  
  81  19:46  Zealot x5  
  81  19:47  Zealot x3  
  81  19:50  Probe  
  101  20:00  Void Ray x2 (Chrono Boost)  
  80  20:33  Void Ray x2 (Chrono Boost)  
  64  21:01  Void Ray x2 (Chrono Boost)  
  36  21:31  Void Ray x2  
Tags
 
Add a new tag
Caveats
  • Supply blocks, unpowered buildings, or Contaminate may cause inaccurate times.
  • Supply counts are checked every 10 seconds.